Map: Acid Plant LE

Players

BillLow

  • Race: Zerg Zerg
  • Spawn Location: 5:00

garion - Winner!

  • Race: Protoss Protoss
  • League: Gold
  • Spawn Location: 11:00

VOD

Have the link to the VOD?

Description

Time

  • Played on: Sept. 23, 2018, 3:16 a.m.
  • Length: 13:51
Show
View Real Time Build Order
Export as new Build Order

BillLow Zerg 

Build Orders: Hatch First 

Get SALT Encoding   

  12  0:02  Drone  
  13  0:09  Drone  
  14  0:20  Extractor  
  13  0:22  Drone x2, Extractor  
  16  0:46  Hatchery  
  15  1:02  Spawning Pool  
  15  1:04  Extractor  
  13  1:32  Overlord  
  13  1:59  Queen, Hatchery  
  14  2:05  Zergling x4  
  16  2:08  Drone  
  17  2:17  Drone  
  18  2:33  Baneling Nest  
  15  2:38  Drone x2  
  17  2:46  Queen, Extractor  
  18  2:58  Zergling x2  
  19  3:07  Metabolic Boost  
  19  3:12  Drone x2  
  21  3:13  Drone  
  21  3:14  Drone  
  23  3:30  Drone x2  
  25  3:35  Zergling x2  
  26  3:42  Zergling x2  
  27  4:01  Overlord  
  27  4:14  Evolution Chamber  
  26  4:18  Zergling x2  
  26  4:21  Zergling x4  
  26  4:24  Queen  
  31  4:37  Zergling x6  
  33  4:45  Drone x2  
  35  4:51  Baneling x4  
  35  5:07  Overlord  
  35  5:08  Overlord  
  35  5:27  Baneling x3  
  35  5:28  Zergling x4, Baneling x2  
  32  5:29  Zergling x2  
  35  5:36  Zerg Melee Weapons Level 1  
  35  5:43  Zergling x4  
  37  5:53  Zergling x4  
  38  5:58  Zergling x4  
  40  6:04  Zergling x2  
  33  6:19  Zergling x4  
  33  6:20  Zergling x2  
  30  6:30  Zergling x6  
Show
View Real Time Build Order
Export as new Build Order

garion Protoss - Winner!

Build Orders:  

Get SALT Encoding   

  1  0:00  Probe  
  12  0:07  Probe  
  14  0:21  Probe  
  14  0:22  Pylon  
  15  0:40  Probe  
  16  0:48  Gateway  
  16  0:51  Assimilator  
  16  0:52  Probe  
  17  1:04  Forge, Probe  
  17  1:11  Pylon  
  18  1:16  Probe  
  19  1:37  Photon Cannon  
  19  1:41  Photon Cannon  
  19  1:45  Probe  
  20  2:03  Cybernetics Core  
  20  2:06  Probe  
  21  2:21  Warp Gate  
  21  2:24  Zealot  
  21  2:29  Nexus  
  23  2:46  Photon Cannon  
  23  2:55  Probe  
  23  2:57  Assimilator  
  24  3:07  Probe  
  24  3:10  Twilight Council  
  25  3:19  Probe  
  26  3:31  Probe  
  26  3:33  Pylon  
  27  3:40  Stalker, Charge  
  29  3:43  Probe  
  29  3:44  Probe  
  31  3:55  Probe  
  32  3:56  Probe  
  33  4:07  Probe  
  33  4:08  Probe  
  35  4:19  Probe  
  35  4:20  Probe  
  35  4:22  Dark Shrine  
  37  4:30  Gateway  
  37  4:31  Probe  
  37  4:32  Probe  
  37  4:33  Gateway  
  39  4:41  Zealot  
  39  4:44  Probe x2  
  43  4:52  Gateway  
  43  4:56  Probe, Gateway  
  44  5:00  Probe  
  44  5:04  Sentry  
  47  5:13  Gateway  
  47  5:16  Pylon  
  47  5:17  Assimilator  
  47  5:21  Assimilator  
  47  5:30  Sentry  
  47  5:32  Probe  
  50  5:37  Probe  
  50  5:38  Gateway  
  51  5:47  Zealot x2  
  51  5:48  Zealot  
  57  5:51  Zealot  
  57  5:54  Sentry  
  61  6:00  Pylon  
  61  6:02  Pylon  
  61  6:13  Pylon  
  61  6:15  Pylon  
  61  6:16  Zealot  
  61  6:32  Dark Templar x2, Zealot  
  65  6:33  Zealot x2  
  71  6:38  Probe x2  
  71  6:41  Gateway  
  71  6:42  Gateway  
  71  6:46  Gateway  
  71  6:55  Zealot x2  
  71  6:56  Zealot x3  
  71  7:00  Probe  
  71  7:05  Zealot x2  
  71  7:13  Gateway  
  71  7:15  Gateway  
  71  7:20  Stargate  
  71  7:23  Probe  
  71  7:26  Zealot x2  
  71  7:33  Probe  
  71  7:47  Nexus  
  71  7:49  Pylon  
  71  7:51  Pylon  
  71  7:59  Phoenix  
  71  8:07  Probe  
  71  8:10  Pylon  
  71  8:16  Archon  
  71  8:18  Phoenix  
  71  8:23  Probe  
  71  8:33  Pylon, Probe  
  71  8:35  Pylon  
  71  8:44  Nexus  
  71  8:46  Pylon  
  71  8:47  Phoenix  
  71  8:48  Pylon  
  71  8:55  Pylon  
  71  9:06  Probe  
  71  9:09  Gateway  
  71  9:11  Gateway  
  71  9:12  Sentry x2  
  71  9:14  Zealot x2, Shield Battery  
  71  9:15  Zealot x2  
  71  9:16  Shield Battery  
  71  9:18  Sentry  
  71  9:32  Templar Archives  
  71  9:34  Stargate  
  71  9:36  Robotics Facility  
  71  10:01  Assimilator  
  71  10:05  Assimilator  
  71  10:09  Probe  
  71  10:23  Probe x2  
  71  10:27  Pylon, Protoss Ground Weapons Level 1  
  71  10:28  Gateway  
  71  10:30  Gateway  
  71  10:32  Robotics Facility  
  71  10:34  Robotics Bay  
  71  10:44  Shield Battery  
  71  10:45  Immortal  
  71  10:46  Void Ray, Shield Battery  
  71  10:49  Void Ray  
  71  11:07  Photon Cannon  
  71  11:16  Probe  
  71  11:19  Psionic Storm  
  71  11:32  High Templar  
  71  11:33  High Templar  
  71  11:34  High Templar x2  
  71  11:35  High Templar  
  71  11:37  Archon  
  71  11:38  Archon  
  71  11:43  Observer  
  71  11:45  Probe  
  71  11:48  Assimilator  
  71  11:49  Assimilator  
  71  11:53  Warp Prism  
  71  11:56  Pylon  
  71  12:07  Pylon  
  71  12:19  Photon Cannon  
  71  12:22  Pylon  
  71  12:23  Pylon  
  71  12:25  Pylon, Colossus  
  71  12:28  Colossus  
  71  12:41  Observer  
  71  13:16  Photon Cannon  
  71  13:17  Photon Cannon  
  71  13:20  Photon Cannon  
  71  13:27  Photon Cannon  
  71  13:28  Photon Cannon  
  71  13:35  Photon Cannon  
  71  13:36  Pylon  
  71  13:37  Pylon  
  71  13:39  Pylon  
  71  13:40  Pylon  
  71  13:42  Pylon  
Tags
 
League
Gold
Matchup
PvZ
Spawn Locations
Cross Positions
Add a new tag
Caveats
  • Supply blocks, unpowered buildings, or Contaminate may cause inaccurate times.
  • Supply counts are checked every 10 seconds.